Frizzbo, neutral female gnomish Wizard ---- |..------------------ |...................----- -- ---.-----#--------......| |. |>..| |..---.---|.- ---.-- -- ---- |....|.| |...|-.-- ---...<| --.|...--- |....| |....sf$--- ---- --..-- --....rhl.---..| ---- -.....|Ghf.....-- .^..|.----......| ..-|...........| --------....| --..-- |..| |..| ---- Frizzbo the Conjurer Experience level: 5 Strength: 11 Dexterity: 12 Constitution: 11 Intelligence: 17 Wisdom: 18 Charisma: 10 Health: 0(42) Energy: 48(73) Def: 2 Gold: 631 Moves: 2114 Dungeon seed: 9gHx505z6_pugFea Game ID: Frizzbo_1467118247 Your Inventory: Coins $ - 631 gold pieces Amulets B - a cursed amulet of change Weapons a - a blessed +1 quarterstaff f - an uncursed +2 aklys (weapon in hand) C - an uncursed +0 elven dagger Armor e - an uncursed +0 cloak of magic resistance (being worn) z - a blessed +0 orcish helm (being worn) Comestibles g - 3 uncursed food rations k - 2 uncursed tripe rations Spellbooks b - a blessed spellbook of force bolt c - a blessed spellbook of light l - an uncursed spellbook of sleep Wands d - an uncursed wand of nothing (0:5) r - an uncursed wand of slow monster (0:7) Tools w - an uncursed tin whistle A - an uncursed +0 pick-axe Gems n - an uncursed opal q - an uncursed worthless piece of green glass y - 2 uncursed worthless pieces of orange glass N - a cursed worthless piece of red glass Y - 3 uncursed worthless pieces of violet glass Spells and supernatural/magical abilities: Name Level Category Fail Memory a - force bolt 1 attack 0% 90% l - light 1 divination 0% 90% W - pray for help -- divine ? -- Your skills at the end: Miscellaneous Skills wands [Basic] Weapon Skills quarterstaff [Basic] crossbow [Basic] Spellcasting Skills attack spells [Basic] enchantment spells [Basic] Final Attributes: You were devoutly aligned. You were magic-protected. You had infravision. You are dead. Vanquished creatures: a ghost a leprechaun 2 shriekers a red naga hatchling a little dog a floating eye a homunculus a giant bat a wererat 3 hobbits a large kobold a gecko 3 brown molds a green mold a gnome a gnome zombie 4 jackals 2 foxes 2 kobolds 7 newts a goblin 4 sewer rats 6 grid bugs 2 bats 2 lichens 51 creatures vanquished. Voluntary challenges: You did not adorn yourself with jewelry or accessories. You used a wielded weapon 36 times, starting on turn 129. You did not apply a unicorn horn. You read items or engraved 2 times, starting on turn 958. You never genocided any monsters. You never polymorphed an object. You never changed form. You used no wishes. You never split a pudding. You never wrote Elbereth's name. You never violated your personal moral code. Dungeon overview: The Dungeons of Doom: levels 1 to 2 Level 1 a fountain, a sink a long staircase Level 2 an altar to Ptah, some fountains, a sink stairs to The Gnomish Mines The Gnomish Mines: levels 3 to 4 Level 3 stairs to The Dungeons of Doom Level 4 <- You were here History has recorded: On T:1 you entered the Dungeons of Doom to retrieve the Amulet of Yendor! On T:474 you advanced to experience level 2. On T:561 you reached level 2 of The Dungeons of Doom. On T:1106 you advanced to experience level 3. On T:1247 you reached level 1 of The Gnomish Mines. On T:1348 you advanced to experience level 4. On T:1918 you reached level 2 of The Gnomish Mines. On T:2109 you advanced to experience level 5. Score breakdown: Gold: 631 ( 63 points) Experience: 5 levels ( 400 points) Exploration: 4 levels ( 90 points) Discoveries: 4 items ( 200 points) Variety of kills: 25 monsters ( 1250 points) Major goal: (nothing yet) ( 0 points) Survival: died (score multiplied by 3) Total score: 6009 Latest messages: The hobbit is killed! The spell hits the fox! You kill the fox! The spell misses the rock mole. The spell hits the red naga hatchling! You kill the red naga hatchling! The baby crocodile bites! The hobbit punches you! Taco misses the baby crocodile. Taco picks up a hooded cloak. Taco misses the baby crocodile. The spell hits the newt! You kill the newt! The hobbit punches you! Taco misses the baby crocodile. You miss the hobbit. The baby crocodile bites! The hobbit wields a dagger! The rock mole bites! You die... Final status: Goodbye Frizzbo the Wizard, killed by a rock mole... You died in The Gnomish Mines on dungeon level 4 with 6009 points, and 631 pieces of gold, after 2114 moves. You were level 5 with a maximum of 42 hit points when you died.